 Dungeon Crawl Stone Soup version 0.30.1-11-g7821555f0a (webtiles) character file.

Game seed: 15274134195457834883

68 lonewolfV2 the Trooper (level 4, 0/37 HPs)
             Began as a Formicid Fighter on Dec 8, 2023.
             Succumbed to an adder's poison
             ... on level 2 of the Dungeon.
             The game lasted 00:02:17 (565 turns).

lonewolfV2 the Trooper (Formicid Fighter)            Turns: 565, Time: 00:02:18

Health: 0/37       AC:  6    Str: 21    XL:     4   Next: 41%
Magic:  4/4        EV:  9    Int: 13    God:
Gold:   12         SH:  5    Dex: 15    Spells: 3/3 levels left

rFire   . . .        a - +0 war axe
rCold   . . .        c - +0 buckler
rNeg    . . .        b - +0 scale mail
rPois   .            (helmet unavailable)
rElec   .            (no cloak)
rCorr   .            (no gloves)
SInv    +            (no boots)
Will    .....        (no amulet) Stlth
                     f - +6 ring of intelligence
HPRegen 0.26/turn    (no ring)
MPRegen 0.09/turn

%: no passive effects
@: lethally poisoned (0 -> -3)
A: permanent stasis, dig shafts and tunnels, antennae 3, four strong arms
a: Dig, Shaft Self


You were on level 2 of the Dungeon.
You visited 1 branch of the dungeon, and saw 2 of its levels.

You collected 12 gold pieces.

Inventory:

Hand Weapons
 a - a +0 war axe (weapon)
Armour
 b - a +0 scale mail (worn)
 c - a +0 buckler (worn)
Jewellery
 f - a +6 ring of intelligence (left hand)
Scrolls
 e - a scroll of fear {unknown}
 g - a scroll of identify {unknown}
Potions
 d - 2 potions of might


   Skills:
 + Level 4.1 Fighting
 * Level 3.7 Axes
 - Level 3.2 Armour
 - Level 4.0 Shields


You had 3 spell levels left.
You didn't know any spells.
Your spell library contained the following spells:

 Spells                   Type           Power      Damage    Failure   Level
 Necrotise                Necr           0%         1d4       71%         1
 Vampiric Draining        Necr           0%         2d6       97%         3
 Agony                    Necr           0%         N/A       100%        5


Dungeon Overview and Level Annotations

Branches:
Dungeon (1/15)

Altars:

Shops:
D:1 !


Innate Abilities, Weirdness & Mutations

You cannot be hasted, slowed, berserked, paralysed or teleported.
You can dig through walls and to a lower floor.
You have a pair of large antennae on your head. (SInv)
Your four strong arms can wield two-handed weapons with a shield.


Message History

The adder is almost dead.
You miss the adder. You closely miss the adder.
The adder bites you but does no damage. The adder completely misses you.
The adder closely misses you. The adder bites you but does no damage.
The adder barely misses you.
You slash the adder!
You kill the adder!
You barely miss the adder. You hit the adder. The adder bites you.
* * * LOW HITPOINT WARNING * * *
You block the adder's attack. The adder barely misses you. x2
You have reached level 4!
You feel stronger.
You hit the adder.
You kill the adder!
You closely miss the adder. The adder bites you.
* * * LOW HITPOINT WARNING * * *
The adder bites you but does no damage.
Your Fighting skill increases to level 4!
There is an open door, spattered with blood here.
You see here a frilled lizard corpse.
You closely miss the adder.
The adder is heavily wounded.
The adder bites you but does no damage. x2
You miss the adder.
The adder is heavily wounded.
The adder barely misses you. The adder bites you.
* * * LOW HITPOINT WARNING * * *
You are poisoned.
The adder poisons you!
You hit the adder but do no damage.
The adder is heavily wounded.
* * * LOW HITPOINT WARNING * * *
You feel sick. The adder bites you.
* * * LOW HITPOINT WARNING * * *
You slash the adder!
You kill the adder!
* * * LOW HITPOINT WARNING * * *
You feel sick.
Okay, then.
You die...

#######.# #.......# .
####.######### ##.
...#.#..#....### ..
##.#.#.........# .#
......(....#.#.##.#####.
...#.####..#.#.#........
.###.......#...#.......#
.# #######.##..†@.....#
.# #...##.##.......# .#
# #.###............ .#
#>#.###............ .#
#.....#.###........ .#
#.#.#.#. ....##### .#
#...#.### #.###
#####.{.# #.# {#.....#.#


There were no monsters in sight!

Vanquished Creatures
  3 adders (D:2)
  4 ball pythons
  An endoplasm (D:1)
  4 giant cockroaches (D:1)
  4 goblins (D:1)
  A hobgoblin (D:1)
  4 jackals (D:1)
  A quokka (D:1)
  4 bats (D:1)
  2 frilled lizards
  7 kobolds
  2 rats
37 creatures vanquished.

Notes
Turn   | Place    | Note
-------+----------+-------------------------------------------
     0 | D:1      | lonewolfV2 the Formicid Fighter began the quest for the
                  | Orb.
     0 | D:1      | Reached XP level 1. HP: 18/18 MP: 1/1
    43 | D:1      | Reached XP level 2. HP: 13/24 MP: 2/2
   192 | D:1      | Found Laneut's Distillery.
   349 | D:1      | Reached XP level 3. HP: 30/30 MP: 3/3
   421 | D:1      | You fall into a shaft and drop 1 floor!
   559 | D:2      | Reached XP level 4. HP: 11/37 MP: 4/4
   563 | D:2      | HP: 1/37 [adder (3)]
   565 | D:2      | Succumbed to an adder's poison

Illustrated notes

Levels and vault maps discovered:
D:1:      saegor_arrival_simple_d, layout_loops_ring, serial_shops,
          nicolae_shop_rolling_square, chequers_serial_rivers_large_a,
          minmay_worlds_worst_comb
D:2:      layout_basic, nicolae_ecumenical_snake_handling, basic_altar,
          st_stairs_14

Skill      XL: |  1  2  3  4 |
---------------+-------------+-----
Axes           | 3 |  3.7
Fighting       | 4 |  4.1
Armour         | |  3.2
Shields        | |  4.0

Action                     |  1- 3 |  4- 6 || total
---------------------------+-------+-------++-------
  Melee: War axe           |    81 |     5 ||    86
 Armour: Scale mail        |    73 |     3 ||    76
  Dodge: Dodged            |    81 |     1 ||    82
  Block: Buckler           |    38 |       ||    38
